 Dungeon Crawl Stone Soup version 0.31-a0-1036-g31867e143a (webtiles) character file.

Game seed: 13415545905638510106

3 Azuregosa the Sneak (level 1, -1/16 HPs)
             Began as an Octopode Delver on Nov 19, 2023.
             Was an Initiate of Gozag.
             Slain by a kobold
             ... wielding a +0 short sword
              (2 damage)
             ... on level 4 of the Dungeon.
             The game lasted 00:01:31 (213 turns).

Azuregosa the Sneak (Octopode Delver)                Turns: 213, Time: 00:01:32

Health: -1/16      AC:  1    Str: 11    XL:     1   Next: 50%
Magic:  1/1        EV: 13    Int: 12    God:    Gozag
Gold:   1          SH:  0    Dex: 13    Spells: 0/0 levels left

rFire   . . .        g - +0 battleaxe
rCold   . . .        (shield currently unavailable)
rNeg    . . .        (helmet restricted)
rPois   .            (no amulet)
rElec   .            (no ring)
rCorr   .            (no ring)
SInv    .            (no ring)
Will    .....        (no ring)
Stlth   ++++         (no ring)
HPRegen 0.22/turn    (no ring)
MPRegen 0.07/turn    (no ring)
                     (no ring)

%: no passive effects
@: gold aura
A: almost no armour, amphibious, 8 rings, camouflage 1, gelatinous body 1,
(nimble swimmer 1), tentacles
a: Renounce Religion, Potion Petition, Call Merchant, Bribe Branch


You were on level 4 of the Dungeon.
You worshipped Gozag.
Gozag was noncommittal.
You visited 2 branches of the dungeon, and saw 3 of its levels.

You collected 8 gold pieces.
You paid 7 gold pieces to Gozag.

Inventory:

Hand Weapons
 a - a +0 hand axe
 g - a +0 battleaxe (weapon)
Wands
 f - a wand of digging (3)
Scrolls
 b - a scroll of fog
 c - a scroll of summoning {unknown}
 d - a scroll of fear
Potions
 e - a potion of haste
 h - a potion of curing {unknown}


   Skills:
 - Level 3.0 Fighting
 - Level 2.0 Axes
 - Level 2.0 Dodging
 + Level 6.8 Stealth


You couldn't memorise any spells.
You didn't know any spells.
Your spell library was empty.

Dungeon Overview and Level Annotations

Branches:
Dungeon (5/15)             Temple (1/1) D:5

Altars:
Ashenzari
Cheibriados
Dithmenos
Elyvilon
Fedhas
Gozag
Hepliaklqana
Kikubaaqudgha
Makhleb
Nemelex Xobeh
Okawaru
Qazlal
Ru
Sif Muna
Trog
Vehumet
Wu Jian
Xom
Yredelemnul
The Shining One


Innate Abilities, Weirdness & Mutations

You cannot wear most types of armour.
You are amphibious.
You can wear up to eight rings at the same time.
Your skin changes colour to match your surroundings (Stealth+).
Your rubbery body absorbs attacks. (AC +1, EV +1)
((You are camouflaged when in or above water. (Stealth+)))
You have tentacles for arms and can constrict up to eight enemies at once.


Message History

You climb upwards.
There is a staircase to the Ecumenical Temple here.
There is a stone staircase leading up here.
You climb upwards.
Found a pink potion and a spear.
There is a stone staircase leading down here.
h - a pink potion An ogre comes into view.
It is wielding a +0 giant club.
The ogre shouts!
The ogre moves out of view.
You see here a +0 spear.
A kobold comes into view. It is wielding a +0 short sword.
A black bear comes into view.
An orc comes into view. It is wielding a +0 falchion.
The black bear growls angrily.
The kobold shouts!
A water moccasin comes into view.
You hear a shout!
You hear a shout!
The orc shouts!
A hobgoblin comes into view.
An orc comes into view. It is wielding a +0 short sword.
Found a scroll labelled BAORHE LOESAD.
The orc moves out of view.
You barely miss the hobgoblin. You grab the hobgoblin.
Your squeeze misses the hobgoblin. You constrict the hobgoblin.
The hobgoblin barely misses you.
You slash the hobgoblin!
You kill the hobgoblin!
You barely miss the kobold.
The kobold hits you with a +0 short sword. x2
The orc closely misses you.
You closely miss the orc. Your grab misses the orc. You barely miss the kobold.
The orc hits you with a +0 falchion.
The kobold hits you with a +0 short sword.
You completely miss the orc. You grab the orc. You barely miss the kobold.
You constrict the orc. The orc misses you.
The kobold hits you with a +0 short sword.
The orc hits you with a +0 falchion!
* * * LOW HITPOINT WARNING * * *
The kobold hits you with a +0 short sword.
You die...
Your body crumbles into a pile of gold.

S........# ....#....#
...#....###############
...................O...
..#....###############
#..SO# # #.#h## # ..
#K# # ... #@# # ## #o#
# #o. ### .... #.O
..... #.# ....... #.#
.#...... #.# #.#?......
#.# #..


You could see a water moccasin, a black bear, an ogre, 2 orcs and a kobold.

Vanquished Creatures
  An orc (D:5)
  A hobgoblin (D:4)
2 creatures vanquished.

Notes
Turn   | Place    | Note
-------+----------+-------------------------------------------
     0 | D:5      | Azuregosa the Octopode Delver began the quest for the Orb.
     0 | D:5      | Reached XP level 1. HP: 16/16 MP: 1/1
     8 | D:5      | Found a staircase to the Ecumenical Temple.
    17 | Temple   | Entered the Ecumenical Temple
   129 | Temple   | Became a worshipper of Gozag Ym Sagoz the Greedy
   176 | D:4      | Noticed an ogre
   203 | D:4      | Noticed a black bear
   207 | D:4      | Noticed a water moccasin
   213 | D:4      | Slain by a kobold

Illustrated notes

Levels and vault maps discovered:
D:4:      layout_basic, lemuel_round_altar
D:5:      layout_rooms, minmay_temple_entry_junction
Temple:   mainiacjoe_temple_big_plus

Action                     || total
---------------------------++-------
  Melee: Battleaxe         ||     7
         Constrict         ||     3
         Tentacles         ||     1
    Use: Scroll            ||     1
 Armour: Skin              ||    10
  Dodge: Dodged            ||     4

Table legend: (Time is in decaauts)
 A = Elapsed time spent in this place.
 B = Non-inter-level travel time spent in this place.
 C = Inter-level travel time spent in this place.
 D = Time resting spent in this place.
 E = Time spent auto-exploring this place.
 F = Levels seen in this place.
 G = Mean time per level.
                   A        B        C        D        E       F      G
               +--------+--------+--------+--------+--------+-----+--------+
         Total |    217 |    217 |      0 |     35 |     10 |   3 |   72.3 |
       Dungeon |    166 |    166 |      0 |     35 |     10 |   2 |   83.0 |
        Temple |     50 |     50 |      0 |      0 |      0 |   1 |   50.0 |
               +--------+--------+--------+--------+--------+-----+--------+

Top non-repeatable levels by time:
     D:5: 113 daAuts
     D:4: 53 daAuts
  Temple: 50 daAuts
